 Dungeon Crawl Stone Soup version 0.24-a0-250-g6074511 (webtiles) character file.

Game seed: 3734641548142213701

72 Borgoz the Cutter (level 4, 0/27 HPs)
             Began as a Kobold Gladiator on Apr 15, 2019.
             Slain by a gnoll
             ... wielding a +0 spear
              (8 damage)
             ... on level 2 of the Dungeon.
             The game lasted 00:02:02 (1061 turns).

Borgoz the Cutter (Kobold Gladiator)                Turns: 1061, Time: 00:02:03

Health: 0/27       AC:  4    Str: 12    XL:     4   Next: 48%
Magic:  4/4        EV: 16    Int:  9    God:
Gold:   24         SH:  0    Dex: 16    Spells: 3/3 levels left

rFire    . . .     SeeInvis .   a - +0 rapier
rCold    + . .     Gourm    .   (shield restricted)
rNeg     . . .     Faith    .   b - +0 leather armour
rPois    .         Spirit   .   c - +0 helmet
rElec    .         Reflect  .   (no cloak)
rCorr    .         Harm     .   (no gloves)
MR       +....                  (no boots)
Stlth    ++........             (no amulet)
HPRegen  0.09/turn              h - ring of protection from magic
MPRegen  0.09/turn              i - ring of protection from cold

@: no status effects
A: small, carnivore
a: no special abilities


You were on level 2 of the Dungeon.
You were very full.

You visited 1 branch of the dungeon, and saw 2 of its levels.

You collected 24 gold pieces.

Inventory:

Hand Weapons
 a - a +0 rapier (weapon)
Missiles
 d - 4 throwing nets (quivered)
Armour
 b - a +0 leather armour (worn)
 c - a +0 helmet (worn)
Jewellery
 h - a ring of protection from magic (left hand)
 i - a ring of protection from cold (right hand)
 n - an uncursed ring of protection from cold
Scrolls
 g - a scroll of magic mapping {unknown}
 j - a scroll of immolation {unknown}
 k - a scroll of blinking {unknown}
 l - 3 scrolls of identify {unknown}
 m - a scroll of enchant weapon {unknown}
Potions
 e - 2 potions of curing {unknown}
 o - a potion of berserk rage {unknown}
 p - a potion of resistance {unknown}
Comestibles
 f - 2 rations


   Skills:
 + Level 2.9 Fighting
 + Level 4.6 Short Blades
 - Level 2.1 Throwing
 + Level 1.1 Armour
 + Level 4.1 Dodging
 + Level 2.2 Stealth


You had 3 spell levels left.
You didn't know any spells.
Your spell library was empty.

Dungeon Overview and Level Annotations

Branches:
Dungeon (2/15)

Altars:


Innate Abilities, Weirdness & Mutations

You are small and have problems with some larger weapons.
You are carnivorous and can eat meat at any time.


Message History

The kobold hits you.
* * * LOW HITPOINT WARNING * * *
You see here an adder skeleton.
You hit the kobold.
The kobold is moderately wounded.
The kobold misses you.
You hit the kobold.
You kill the kobold!
The gnoll misses you. The gnoll closely misses you. x2
You hit the gnoll.
The gnoll is heavily wounded.
The gnoll misses you. x2
You puncture the gnoll!
You kill the gnoll!
The gnoll barely misses you. The gnoll barely misses you.
You see here a +0 spear.
You barely miss the gnoll. The gnoll hits you with a +0 spear!
You die...

#........<..#
#........##.#
#....<...# #
#........#
#........#
###....### #. #.####
#.# #.########.# #..
#....@.....#
#.#+#######g###.#
###.........#.....#
#...........#.#####
#...........#.###
#...........#...#
#...........#.#.#
###........††.#...#
...............#÷###


You could see a gnoll.

Vanquished Creatures
  4 adders (D:2)
  A gnoll (D:2)
  A worm (D:2)
  3 leopard geckos (D:1)
  4 giant cockroaches
  2 goblins (D:1)
  A hobgoblin (D:1)
  2 bats
  3 kobolds
  3 rats (D:1)
24 creatures vanquished.

Notes
Turn   | Place    | Note
-------+----------+-------------------------------------------
     0 | D:1      | Borgoz the Kobold Gladiator began the quest for the Orb.
     0 | D:1      | Reached XP level 1. HP: 12/12 MP: 1/1
   358 | D:1      | Reached XP level 2. HP: 10/18 MP: 2/2
   408 | D:1      | Reached skill level 1 in Stealth
   937 | D:2      | Reached XP level 3. HP: 22/22 MP: 3/3
  1010 | D:2      | Reached skill level 1 in Armour
  1010 | D:2      | Reached XP level 4. HP: 27/27 MP: 4/4
  1061 | D:2      | Slain by a gnoll

Levels and vault maps discovered:
D:1:      scummos_arrival_forest, layout_basic, serial_bayou_pond_b
D:2:      layout_basic, guppyfry_early_lair_pool

Skill      XL: |  1  2  3  4 |
---------------+-------------+-----
Stealth        | 1 2 |  2.2
Dodging        | 4 |  4.1
Armour         | 1 |  1.1
Fighting       | |  2.9
Short Blades   | |  4.6
Throwing       | |  2.1

Action                   |  1- 3 |  4- 6 || total
-------------------------+-------+-------++-------
Melee: Rapier            |    73 |    16 ||    89
 Stab: Sleeping          |     1 |       ||     1
  Eat: Chunk             |     6 |     2 ||     8
Armor: Leather armour    |     9 |     4 ||    13
Dodge: Dodged            |    68 |    13 ||    81

Table legend:
 A = Non-vault XP
 B = Vault XP
 C = Vault XP percentage of total XP
 D = Non-vault monster count
 E = Vault monster count
 F = Vault count percentage of total count
                 A         B        C        D         E       F
            +---------+---------+-------+---------+---------+-------
      Total |      92 |      11 |  10.7 |      19 |       5 |  20.8
            +---------+---------+-------+---------+---------+-------
        D:1 |      15 |      11 |  42.3 |       9 |       5 |  35.7
        D:2 |      77 |       0 |   0.0 |      10 |       0 |   0.0
            +---------+---------+-------+---------+---------+-------
